[Event "39th Citta Arco Open 2017"]
[Site "Arco"]
[Date "2017.10.13"]
[Round "7.8"]
[White "Vezzosi, Paolo"]
[Black "Valenti, Giuseppe"]
[Result "1/2-1/2"]
[ECO "D33"]
[WhiteElo "2299"]
[BlackElo "2149"]
[Annotator "NA"]
[PlyCount "83"]
[EventDate "2017.??.??"]
[EventType "swiss"]
[EventCountry "ITA"]
[SourceTitle "playchess.com"]
[Source "ChessBase"]
[SourceQuality "1"]
[TimeControl "40/5400+30:1800+30"]

1. c4 e6 2. g3 Nf6 3. Bg2 d5 4. Nf3 Be7 5. O-O O-O 6. d4 c5 7. cxd5 exd5 8. Nc3 h6 9. dxc5 Bxc5 10. Bf4 Nc6 11. Rc1 Be6 12. Na4 {[%emt 0:06:30] D33: Tarrasch Defence: 6 g3 sidelines} (12. Ne5 Rc8 13. Na4 Bb6 14. Nxb6 Qxb6 15. Nxc6 bxc6 16. Bd6 Rfe8 17. Qc2 Ne4 18. Bxe4 {½-½ (18) Mihic,B (2413)-Dezelin,M (2308) Valjevo 2010}) 12... Bd6 13. Bxd6 Qxd6 14. Nc5 $146 ({Predecessor:} 14. Nd4 Nxd4 15. Qxd4 Qe7 16. Nc3 Qd7 17. Rfd1 Rfd8 18. a3 b6 19. e4 dxe4 20. Qxd7 Rxd7 21. Rxd7 Bxd7 22. Nxe4 Nxe4 23. Bxe4 {½-½ (34) Slavinsky,R (2075)-Susen,J (1789) Valasska Bystrice 2016}) 14... Bc8 15. Nd4 Ne5 16. Nd3 Bd7 17. Nxe5 Qxe5 18. e3 Rac8 19. Qb3 b6 20. h3 Rfd8 21. Qa3 Qb8 22. Qd3 Rc5 23. b4 Rcc8 24. g4 Qd6 25. a3 a5 26. bxa5 bxa5 27. Rfd1 Rc5 28. Rxc5 Qxc5 29. Ne2 Bb5 30. Qc3 Rc8 31. Rc1 Qxc3 32. Rxc3 Bc4 33. Nd4 g6 34. f4 Rb8 35. Kh2 Rb2 36. Kg3 Nd7 37. Nc6 Rb5 38. e4 Nb6 39. exd5 Bxd5 40. Ne7+ Kg7 41. Nxd5 Nxd5 42. Bxd5 $11 1/2-1/2

[Event "39th Citta Arco Open 2017"]
[Site "Arco"]
[Date "2017.10.13"]
[Round "7.9"]
[White "Ruecker, Benjamin"]
[Black "Pedersen, Henrik Bolding"]
[Result "1-0"]
[ECO "A11"]
[WhiteElo "2261"]
[BlackElo "2125"]
[Annotator "NA"]
[PlyCount "51"]
[EventDate "2017.??.??"]
[EventType "swiss"]
[EventCountry "ITA"]
[SourceTitle "playchess.com"]
[Source "ChessBase"]
[SourceQuality "1"]
[TimeControl "40/5400+30:1800+30"]

1. c4 e6 2. Nc3 d5 3. e3 Nf6 4. Nf3 Bd6 5. b3 Nbd7 6. Bb2 c6 7. Qc2 Qe7 8. Be2 O-O 9. O-O Re8 10. Rfe1 e5 11. cxd5 Nxd5 12. Ne4 Ba3 13. Neg5 g6 14. Bxa3 Qxa3 15. d3 Qe7 16. Ne4 N7f6 17. Ned2 Nb4 18. Qb2 Bf5 19. e4 Bg4 20. a3 Na6 21. d4 exd4 22. Bxa6 bxa6 23. Nxd4 c5 24. Nc6 Qd6 25. Na5 Qe7 26. Rac1 1-0

[Event "39th Citta Arco Open 2017"]
[Site "Arco"]
[Date "2017.10.13"]
[Round "7.10"]
[White "Ager, Josef"]
[Black "Passerotti, Pierluigi"]
[Result "1/2-1/2"]
[ECO "A53"]
[WhiteElo "2109"]
[BlackElo "2210"]
[Annotator "NA"]
[PlyCount "63"]
[EventDate "2017.??.??"]
[EventType "swiss"]
[EventCountry "ITA"]
[SourceTitle "playchess.com"]
[Source "ChessBase"]
[SourceQuality "1"]
[TimeControl "40/5400+30:1800+30"]

1. Nf3 d6 2. d4 Bg4 3. e3 Nd7 4. Be2 Ngf6 5. h3 Bh5 6. c4 e5 7. Nc3 c6 8. b3 Be7 9. Bb2 Qc7 10. Rc1 Rd8 11. d5 Nc5 12. b4 $11 Nce4 13. Nxe4 Nxe4 14. Qc2 Bg6 15. Bd3 cxd5 16. cxd5 Qxc2 17. Bxc2 a6 18. Nd2 Nxd2 19. Kxd2 Kd7 20. f4 exf4 21. exf4 Bxc2 22. Rxc2 Rc8 23. g4 Rxc2+ 24. Kxc2 Rc8+ 25. Kd3 g6 26. g5 Rf8 27. h4 f6 28. Ke4 Re8 29. Kf3 Rf8 30. Ke4 Re8 31. Kd3 Rf8 32. Ke4 1/2-1/2

[Event "39th Citta Arco Open 2017"]
[Site "Arco"]
[Date "2017.10.13"]
[Round "7.11"]
[White "Molina, Fabrizio"]
[Black "Vezzani, Stefano"]
[Result "1/2-1/2"]
[ECO "A26"]
[WhiteElo "2208"]
[BlackElo "2121"]
[Annotator "NA"]
[PlyCount "54"]
[EventDate "2017.??.??"]
[EventType "swiss"]
[EventCountry "ITA"]
[SourceTitle "playchess.com"]
[Source "ChessBase"]
[SourceQuality "1"]
[TimeControl "40/5400+30:1800+30"]

1. Nf3 g6 2. c4 Bg7 3. Nc3 d6 4. g3 e5 5. Bg2 Nc6 6. d3 Nge7 7. O-O Rb8 8. Rb1 a6 9. b4 O-O 10. Ne1 b5 11. Nd5 Nxd5 12. cxd5 Ne7 13. d4 $11 Bb7 14. dxe5 dxe5 15. e4 c6 16. d6 Nc8 17. Be3 Qxd6 18. Bc5 Qxd1 19. Rxd1 Re8 20. Rd7 Ba8 21. f4 Rb7 22. Rd1 Nb6 23. Bxb6 Rxb6 24. Nd3 exf4 25. gxf4 Bd4+ 26. Kh1 Rbb8 27. e5 a5 1/2-1/2

[Event "39th Citta Arco Open 2017"]
[Site "Arco"]
[Date "2017.10.13"]
[Round "7.12"]
[White "Huemmer, Bernd"]
[Black "Trauth, Michael"]
[Result "1/2-1/2"]
[ECO "A38"]
[WhiteElo "2169"]
[BlackElo "2112"]
[Annotator "NA"]
[PlyCount "65"]
[EventDate "2017.??.??"]
[EventType "swiss"]
[EventCountry "ITA"]
[SourceTitle "playchess.com"]
[Source "ChessBase"]
[SourceQuality "1"]
[TimeControl "40/5400+30:1800+30"]

1. c4 c5 2. Nc3 g6 3. Nf3 Nf6 4. d4 cxd4 5. Nxd4 Nc6 6. g3 Bg7 7. Bg2 O-O 8. O-O d6 9. Nc2 Be6 10. b3 Qd7 11. Bb2 Bh3 12. Ne3 Bxg2 13. Kxg2 Rfd8 14. Qd2 e6 15. Rad1 a6 16. Ba3 Ne8 17. Ne4 Nd4 18. Bb2 f5 19. Bxd4 fxe4 20. Bxg7 Qxg7 21. Qd4 Nf6 22. Qb6 Qe7 23. Rd2 Rd7 24. Rfd1 Rad8 25. Qd4 d5 26. Qe5 Kf7 27. f3 exf3+ 28. exf3 Qd6 29. Qxd6 Rxd6 30. cxd5 Nxd5 31. Nxd5 Rxd5 32. Rxd5 exd5 33. Kf2 1/2-1/2

[Event "39th Citta Arco Open 2017"]
[Site "Arco"]
[Date "2017.10.13"]
[Round "7.13"]
[White "De Santis, Alessio"]
[Black "Zucchelli, Massimo"]
[Result "1-0"]
[ECO "A13"]
[WhiteElo "2162"]
[BlackElo "2108"]
[Annotator "NA"]
[PlyCount "33"]
[EventDate "2017.??.??"]
[EventType "swiss"]
[EventCountry "ITA"]
[SourceTitle "playchess.com"]
[Source "ChessBase"]
[SourceQuality "1"]
[TimeControl "40/5400+30:1800+30"]

1. Nf3 d5 2. c4 e6 3. e3 Nf6 4. b3 Nbd7 5. Bb2 Be7 6. Nc3 c6 7. Qc2 O-O 8. d4 b6 9. Bd3 Bb7 10. Rd1 Rc8 11. Ng5 h6 12. h4 e5 13. Bh7+ Kh8 14. dxe5 Nxe5 15. Bf5 Ned7 16. Bxd7 Nxd7 17. Qh7# 1-0

[Event "39th Citta Arco Open 2017"]
[Site "Arco"]
[Date "2017.10.13"]
[Round "7.15"]
[White "Sprotte, Norbert"]
[Black "Voelker, Sebastian"]
[Result "1-0"]
[ECO "D12"]
[WhiteElo "2154"]
[BlackElo "2018"]
[Annotator "NA"]
[PlyCount "89"]
[EventDate "2017.??.??"]
[EventType "swiss"]
[EventCountry "ITA"]
[SourceTitle "playchess.com"]
[Source "ChessBase"]
[SourceQuality "1"]
[TimeControl "40/5400+30:1800+30"]

1. d4 d5 2. Nf3 Nf6 3. e3 c6 4. c4 Bf5 5. Qb3 Qc7 6. Nc3 e6 7. Nh4 {[%emt 0:04:30] D12: Damengambit (Slawische Verteidigung)} Bg6 8. Nxg6 hxg6 9. g3 Bd6 10. Bg2 Nbd7 11. Bd2 O-O 12. O-O Rac8 $146 ({Vorgänger:} 12... a5 13. Rac1 Bb4 14. Rfd1 Nb6 15. c5 Nc4 {½-½ (35) De Souza,S (2593)-Almiron,L (2574) ICCF email 2008}) 13. Rac1 Qb8 14. e4 dxc4 15. Qxc4 e5 16. dxe5 Nxe5 17. Qe2 b5 18. Bg5 Rfe8 19. Rfd1 Be7 20. h3 b4 21. Na4 Qb5 22. Qc2 Nf3+ 23. Bxf3 Qxg5 24. b3 Rc7 25. Bg2 Bf8 26. Re1 Qe5 27. f4 Qd4+ 28. Qf2 Rd8 29. e5 Nh5 {[%emt 0:01:16] [#]} 30. Re3 $1 ({Worse is} 30. Rxc6 Rxc6 31. Bxc6 Nxg3 $15) 30... Be7 {[%emt 0:00:26] [#]} 31. Kh2 ({Weaker is} 31. Bxc6 Rdc8 $11) ({White should play} 31. Rc4 $1 $18 Qd2 32. Re2 (32. Bxc6 Rcc8 $16) (32. Rxc6 Qxf2+ 33. Kxf2 Rd2+ 34. Re2 Rxe2+ 35. Kxe2 Nxg3+ 36. Kf2 Rxc6 $14)) 31... g5 32. Rc4 Qd1 33. Bf3 gxf4 34. Bxd1 fxg3+ 35. Rxg3 Nxg3 36. Kxg3 Rxd1 37. Rd4 Rd7 38. Rxd7 Rxd7 39. Nb2 c5 40. Nc4 Rd4 41. Qf5 Bh4+ 42. Kf3 g5 43. Qc8+ Kg7 44. Qxc5 Rf4+ $18 45. Ke2 1-0

[Event "39th Citta Arco Open 2017"]
[Site "Arco"]
[Date "2017.10.13"]
[Round "7.16"]
[White "Tonina, Filippo"]
[Black "Luciani, Carlo"]
[Result "1/2-1/2"]
[ECO "E94"]
[WhiteElo "2021"]
[BlackElo "2261"]
[Annotator "NA"]
[PlyCount "104"]
[EventDate "2017.??.??"]
[EventType "swiss"]
[EventCountry "ITA"]
[SourceTitle "playchess.com"]
[Source "ChessBase"]
[SourceQuality "1"]
[TimeControl "40/5400+30:1800+30"]

1. d4 Nf6 2. c4 g6 3. Nc3 Bg7 4. e4 d6 5. Nf3 O-O 6. Be2 Nbd7 7. O-O e5 8. Be3 Re8 9. d5 Ng4 10. Bg5 {[%emt 0:00:30] E94: King's Indian: Classical: 6 Be2 e5 7 0-0: Various Black 7th moves} f6 11. Bc1 (11. Bh4) 11... Nh6 12. Ne1 f5 13. f3 {[%emt 0:01:30] [#]} Nf6 $146 ({Predecessor:} 13... f4 14. Rb1 Nf7 15. b4 h5 16. Nd3 g5 17. c5 Nf6 18. cxd6 cxd6 19. a4 g4 20. b5 Kh8 21. Nb2 Rg8 22. Nc4 Bf8 23. Kh1 Nh7 24. Ba3 g3 {0-1 (24) Gasiorowski,B (2134)-Mista,A (2553) Ostroda 2007}) 14. Be3 fxe4 15. Nxe4 Nf5 16. Bg5 h6 17. Bxf6 Bxf6 18. Nxf6+ Qxf6 19. Qd2 Nd4 20. Bd3 Kg7 21. Nc2 c5 22. Rae1 Bf5 23. Be4 a6 24. Qd3 Rab8 25. a4 Nxc2 26. Qxc2 b5 27. axb5 axb5 28. b3 Re7 29. Ra1 Reb7 30. Ra2 Qg5 31. Qd2 Qxd2 32. Rxd2 Ra8 33. g4 Bxe4 34. fxe4 Ra3 35. Rdf2 Rxb3 36. cxb5 R3xb5 37. Rf6 R5b6 38. h4 c4 39. g5 hxg5 40. hxg5 c3 41. Rc1 Rb1 42. Rff1 Rxc1 43. Rxc1 Rb4 44. Rxc3 Rxe4 45. Rc6 Rg4+ 46. Kf2 Rxg5 47. Rxd6 Rf5+ 48. Ke3 Rf1 49. Re6 Re1+ 50. Kf2 Re4 51. Kf3 Re1 52. Kf2 $11 Re4 1/2-1/2